Map: Turbo Cruise '84 LE

Players

Namshar

  • Race: Zerg Zerg
  • Spawn Location: 7:00

Nerchio - Winner!

  • Race: Zerg Zerg
  • Spawn Location: 3:00

Event: 2019 WCS Summer

VOD

Have the link to the VOD?

Description

Time

  • Played on: July 12, 2019, 11:30 a.m.
  • Length: 8:56

All games in this series

Show
View Real Time Build Order
Export as new Build Order

Namshar Zerg 

Build Orders: Hatch First 

Get SALT Encoding   

  12  0:00  Drone  
  13  0:12  Overlord  
  13  0:17  Drone  
  14  0:30  Drone x2  
  16  0:48  Hatchery  
  15  0:51  Drone  
  15  0:55  Drone  
  17  0:58  Drone  
  18  1:08  Extractor  
  17  1:13  Spawning Pool  
  17  1:16  Drone  
  17  1:20  Drone  
  18  1:28  Drone  
  19  1:39  Drone  
  20  1:49  Drone  
  21  1:59  Queen  
  21  2:00  Queen  
  26  2:01  Drone, Overlord  
  26  2:08  Metabolic Boost  
  26  2:11  Drone  
  26  2:12  Drone  
  28  2:22  Zergling x4  
  30  2:32  Zergling x2  
  30  2:33  Drone  
  32  2:39  Hatchery  
  32  2:43  Drone  
  32  2:45  Baneling Nest  
  32  2:50  Overlord  
  31  2:55  Drone  
  31  2:56  Drone  
  33  3:09  Drone x4  
  37  3:13  Zergling x4  
  37  3:17  Queen  
  41  3:22  Overlord  
  41  3:24  Drone  
  42  3:29  Baneling x2  
  42  3:30  Zergling x2  
  42  3:32  Overlord  
  43  3:34  Drone  
  43  3:40  Drone  
  45  3:43  Drone x3  
  45  3:47  Evolution Chamber  
  47  3:50  Drone  
  47  3:54  Drone x2  
  50  3:56  Zergling x4  
  50  4:02  Drone x3  
  55  4:06  Drone  
  55  4:12  Overlord  
  55  4:15  Drone x4  
  59  4:18  Zerg Missile Weapons Level 1  
  59  4:20  Drone  
  59  4:23  Drone x3  
  63  4:26  Overlord  
  63  4:29  Overlord  
  63  4:33  Extractor  
  63  4:34  Extractor  
  63  4:35  Lair  
  63  4:38  Drone x2  
  62  4:44  Drone, Roach Warren  
  62  4:45  Drone  
  64  4:50  Drone  
  64  4:51  Drone x5  
  70  4:56  Pneumatized Carapace  
  70  4:57  Drone  
  70  4:58  Drone x2  
  73  5:00  Drone  
  73  5:02  Drone, Extractor  
  73  5:04  Drone x3  
  77  5:16  Extractor  
  77  5:18  Extractor  
  77  5:19  Evolution Chamber  
  77  5:20  Drone x6  
  79  5:28  Drone  
  80  5:32  Overlord x3  
  80  5:33  Glial Reconstitution  
  80  5:38  Overlord  
  80  5:42  Hatchery  
  79  5:46  Roach  
  81  5:54  Zerg Ground Armor Level 1, Overlord  
  81  5:56  Roach x3  
  81  5:57  Roach x3  
  92  6:00  Roach  
  92  6:01  Roach x4  
  102  6:04  Overlord  
  102  6:05  Overlord  
  102  6:06  Overseer  
  102  6:10  Overlord  
  102  6:12  Baneling x2  
  102  6:26  Roach x9  
  102  6:31  Overlord  
  102  6:32  Zerg Missile Weapons Level 2  
  120  6:40  Drone  
  120  6:42  Hydralisk Den  
  120  6:48  Roach  
  120  6:49  Roach x6  
  134  6:57  Roach x4  
  142  7:01  Roach  
  142  7:03  Queen  
  142  7:04  Overlord x3  
  146  7:11  Ravager  
  146  7:12  Ravager x3  
  150  7:16  Overlord  
  150  7:24  Ravager  
  150  7:25  Roach x9  
  159  7:39  Spore Crawler  
  159  7:40  Spore Crawler x2  
  159  7:41  Spore Crawler  
  155  7:44  Drone  
  155  7:45  Drone  
  155  7:50  Roach x10  
  159  7:55  Roach x2  
  141  8:01  Roach  
  141  8:02  Roach x4  
  134  8:11  Roach  
  134  8:12  Queen, Roach x3  
  134  8:17  Ravager  
  134  8:18  Ravager  
Show
View Real Time Build Order
Export as new Build Order

Nerchio Zerg - Winner!

Build Orders: Hatch First 

Get SALT Encoding   

  12  0:00  Drone  
  13  0:12  Overlord  
  13  0:17  Drone  
  14  0:30  Drone x2  
  16  0:49  Hatchery  
  15  0:53  Drone  
  15  0:56  Drone  
  17  1:00  Drone  
  18  1:07  Extractor  
  17  1:17  Spawning Pool  
  16  1:20  Drone  
  16  1:23  Drone  
  18  1:27  Drone  
  19  1:38  Overlord  
  19  1:49  Drone  
  20  2:03  Queen x2  
  20  2:04  Zergling x2  
  20  2:06  Zergling x2  
  26  2:13  Metabolic Boost  
  26  2:16  Drone  
  26  2:19  Drone  
  29  2:22  Drone  
  29  2:25  Drone  
  30  2:42  Hatchery  
  29  2:44  Drone  
  30  2:52  Baneling Nest  
  30  2:53  Drone  
  30  2:55  Drone  
  30  2:57  Drone  
  32  3:00  Zergling x2  
  32  3:02  Zergling x2  
  34  3:09  Overlord  
  34  3:13  Zergling x2  
  34  3:14  Zergling x2  
  36  3:27  Drone x4  
  36  3:28  Drone  
  36  3:31  Queen  
  43  3:38  Evolution Chamber  
  43  3:39  Drone x2  
  44  3:48  Overlord  
  44  3:54  Drone x5  
  49  3:56  Drone  
  50  4:08  Zerg Missile Weapons Level 1, Drone x3  
  50  4:09  Drone  
  54  4:11  Drone  
  54  4:14  Drone, Extractor  
  54  4:16  Drone x2  
  57  4:21  Overlord  
  57  4:23  Overlord  
  57  4:30  Roach Warren  
  56  4:31  Extractor  
  56  4:33  Drone x3  
  58  4:40  Drone x4  
  58  4:44  Lair  
  62  4:51  Drone x2  
  62  4:52  Drone x3  
  67  4:55  Drone x2, Extractor  
  67  4:59  Drone x2  
  69  5:01  Overlord  
  69  5:03  Extractor  
  69  5:04  Overlord  
  68  5:10  Overlord  
  68  5:20  Drone x2  
  70  5:30  Drone  
  70  5:31  Drone x2  
  70  5:32  Extractor  
  70  5:35  Roach x5  
  82  5:38  Overlord x2  
  82  5:44  Glial Reconstitution  
  82  5:47  Spire  
  82  5:50  Evolution Chamber  
  82  5:51  Roach x7  
  82  5:55  Spire  
  95  6:03  Roach x2  
  99  6:05  Roach  
  99  6:07  Hatchery  
  99  6:10  Overlord x2  
  100  6:16  Roach  
  100  6:17  Roach x2  
  106  6:23  Overlord  
  106  6:27  Roach x4  
  114  6:38  Drone x2  
  114  6:39  Overlord  
  116  6:46  Drone  
  117  6:53  Roach x4  
  125  7:00  Extractor  
  123  7:06  Mutalisk  
  123  7:07  Mutalisk x7  
  139  7:09  Overlord  
  139  7:11  Overlord  
  139  7:13  Mutalisk  
  140  7:25  Drone x3  
  143  7:31  Roach x3  
  143  7:32  Overlord x2  
  140  7:45  Roach x2  
  142  7:51  Roach x5  
  142  7:53  Roach  
  142  7:54  Roach  
  140  7:59  Roach x3  
  144  8:08  Roach x6  
  156  8:15  Roach  
  156  8:17  Roach  
  157  8:35  Roach x2  
  157  8:37  Overlord x2  
Tags
 
Add a new tag
Caveats
  • Supply blocks, unpowered buildings, or Contaminate may cause inaccurate times.
  • Supply counts are checked every 10 seconds.